 Dungeon Crawl Stone Soup version 0.28.0-45-g0d030f2227 (webtiles) character file.

Game seed: 2936472791867012759

38154 Andrea the Bewitcher (level 13, -15/65 HPs)
             Began as a Spriggan Enchanter on Apr 7, 2022.
             Was a High Priest of Dithmenos.
             Demolished by a cyan ugly thing (17 damage)
             ... on level 14 of the Dungeon on Apr 8, 2022.
             The game lasted 01:02:28 (22680 turns).

Andrea the Bewitcher (Spriggan Enchanter)          Turns: 22680, Time: 01:02:29

Health: -15/65     AC:  7    Str:  8    XL:     13   Next: 62%
Magic:  23/29      EV: 24    Int: 16    God:    Dithmenos [*****.]
Gold:   1417       SH:  5    Dex: 17    Spells: 24/34 levels left

rFire   + + .      SeeInvis +   g - +1 dagger (drain)
rCold   . . .      Faith    .   (no shield)
rNeg    . . .      Spirit   .   E - +2 robe {rF+}
rPois   .          Reflect  +   (helmet restricted)
rElec   .          Harm     .   b - +2 cloak
rCorr   .          Rampage  .   (gloves unavailable)
Will    ++...                   (boots unavailable)
Stlth   +++++++++.              r - amulet of reflection
HPRegen 0.20/turn               d - ring of protection from fire
MPRegen 0.21/turn               G - +4 ring of evasion

@: wreathed by umbra, very quick
A: very small, no large weapons, unfitting armour, see invisible, speed 3
a: Renounce Religion, Shadow Step, Shadow Form


You were on level 14 of the Dungeon.
You worshipped Dithmenos.
Dithmenos was extremely pleased with you.
You visited 3 branches of the dungeon, and saw 19 of its levels.

You collected 1417 gold pieces.

Inventory:

Hand Weapons
 a - a +1 dagger
 g - a +1 dagger of draining (weapon)
 L - a +1 dagger of venom
Missiles
 k - 11 poisoned darts (quivered)
 x - a throwing net
Armour
 b - a +2 cloak (worn)
 l - a +0 buckler
 t - +0 acid dragon scales
 E - a +2 robe of fire resistance (worn)
Jewellery
 d - a ring of protection from fire (left hand)
 r - an amulet of reflection (around neck)
 y - a ring of wizardry
 G - a +4 ring of evasion (right hand)
 M - a ring of magical power
Wands
 i - a wand of flame (29)
 n - a wand of iceblast (4)
 z - a wand of paralysis (16)
 F - a wand of charming (1)
 J - a wand of polymorph (8)
Scrolls
 f - 13 scrolls of teleportation
 h - 4 scrolls of blinking
 m - 3 scrolls of magic mapping
 u - a scroll of torment
 w - 2 scrolls of fear
 D - a scroll of immolation {unknown}
 H - a scroll of enchant armour {unknown}
 K - 2 scrolls of noise {unknown}
 N - a scroll of summoning
 O - a scroll of acquirement {unknown}
Potions
 c - 2 potions of invisibility
 e - 2 potions of brilliance
 j - a potion of flight
 o - 3 potions of attraction
 p - 3 potions of lignification
 q - 4 potions of ambrosia
 s - 12 potions of curing
 v - 4 potions of mutation
 A - 5 potions of heal wounds
 B - 2 potions of haste
 C - 2 potions of magic
 I - 3 potions of might


   Skills:
 - Level 6.0 Fighting
 - Level 14.0 Short Blades
 - Level 6.0 Dodging
 - Level 14.0 Stealth
 + Level 11.2 Spellcasting
 * Level 15.2 Hexes
 - Level 4.0 Translocations
 - Level 0.1 Ice Magic
 - Level 4.0 Invocations


You had 24 spell levels left.
You knew the following spells:

 Your Spells              Type           Power      Damage    Failure   Level
a - Ensorcelled Hibernat  Hex/Ice        66%        N/A       1%          2
b - Confusing Touch       Hex            55%        N/A       1%          3
c - Dazzling Flash        Conj/Hex       66%        N/A       1%          3
d - Blink                 Tloc           42%        N/A       2%          2

Your spell library contained the following spells:

 Spells                   Type           Power      Damage    Failure   Level
 Inner Flame              Hex/Fire       33%        N/A       1%          3
 Tukima's Dance           Hex            55%        N/A       1%          3
 Cause Fear               Hex            27%        N/A       1%          4
 Fulminant Prism          Conj/Hex       16%        3d11      3%          4
 Animate Skeleton         Necr           18%        N/A       9%          1
 Beastly Appendage        Tmut           18%        N/A       9%          1
 Foxfire                  Conj/Fire      36%        2x1d5     9%          1
 Magic Dart               Conj           36%        1d4       9%          1
 Pain                     Necr           36%        1d5       9%          1
 Sandblast                Erth           18%        2d7       9%          1
 Summon Mana Viper        Hex/Summ       33%        N/A       10%         5
 Passwall                 Tmut/Erth      7%         N/A       12%         2
 Searing Ray              Conj           18%        2d5       12%         2
 Wereblood                Tmut           9%         N/A       12%         2
 Conjure Flame            Conj/Fire      9%         6-21      24%         3
 Spider Form              Tmut/Pois      9%         N/A       24%         3
 Stone Arrow              Conj/Erth      18%        3d8       24%         3
 Vampiric Draining        Necr           9%         2d6       24%         3
 Manifold Assault         Tloc           21%        N/A       41%         5
 Summon Ice Beast         Ice/Summ       9%         N/A       61%         4
 Animate Dead             Necr           4%         N/A       63%         4
 Flame Wave               Conj/Fire      9%         2d5       63%         4
 Discord                  Hex            27%        N/A       71%         8
 Freezing Cloud           Conj/Ice/Air   4%         6-21      91%         5
 Simulacrum               Ice/Necr       4%         N/A       100%        6
 Haunt                    Necr/Summ      4%         N/A       100%        7
 Monstrous Menagerie      Summ           4%         N/A       100%        7
 Storm Form               Tmut/Air       4%         N/A       100%        7
 Infestation              Necr           4%         N/A       100%        8
 Polar Vortex             Ice            4%         N/A       100%        9


Dungeon Overview and Level Annotations

Branches:
Dungeon (14/15)            Temple (1/1) D:6            Lair (4/6) D:8
 Spider (0/4) Lair:4
  Swamp: Lair:2-4    Shoals: Lair:2-4       Orc: D:9-12      Vaults: D:13-14

Altars:
Ashenzari
Cheibriados
Dithmenos
Elyvilon
Fedhas
Gozag
Hepliaklqana
Kikubaaqudgha
Makhleb
Nemelex Xobeh
Okawaru
Qazlal
Ru
Sif Muna
Trog
Uskayaw
Vehumet
Wu Jian
Xom
Yredelemnul
Zin
The Shining One
Beogh
Jiyva

Shops:
D:9 [

Annotations:
D:7 2 transporters, Quickbrownfox's ghost, novice DsIE
D:8 exclusion: centaur
D:10 Fannar
D:12 3 runed translucent doors, Cykl0x's ghost, journeyman GrEE
D:14 exclusion: human
Lair:1 2 transporters
Lair:4 exclusions: electric eel and 3 more exclusions


Innate Abilities, Weirdness & Mutations

You are very small and have problems with some larger weapons.
You are too small for most types of armour.
You have supernaturally acute eyesight. (SInv)
You cover ground extremely quickly. (Speed+++)


Message History

Okay, then.
You now have 1417 gold pieces (gained 12).
You see here a +0 rapier.
O - a scroll labelled LOBIKYETT BUHIPH A yaktaur comes into view.
The yaktaur moves out of view.
Found a stone staircase leading down.
You catch the helpless yaktaur completely off-guard!
You skewer the yaktaur like a kebab!!!
You kill the yaktaur!
Dithmenos accepts your kill.
Things that are here:
a +0 arbalest; 7 bolts; a yaktaur corpse
Things that are here:
a +0 arbalest; 7 bolts; a yaktaur corpse A sourceless malevolence fills the Dungeon... and a teleportation trap spontaneously manifests!
You are yanked towards some nearby monsters!
Your surroundings suddenly seem different.
The helpless cyan ugly thing fails to defend itself.
You spit the cyan ugly thing like a pig!!!!
You kill the cyan ugly thing!
Dithmenos accepts your kill.
The cyan ugly thing gurgles horribly! x2
Casting: Dazzling Flash (safe; 1% risk of failure)
Confirm with . or Enter, or press ? or * to list all spells.
Casting: Dazzling Flash (safe; 1% risk of failure)
Press: ? - help, Dir - look around, f - activate The cyan ugly thing stings you!
The cyan ugly thing shocks you!
Unknown command.
Casting: Dazzling Flash (safe; 1% risk of failure)
Confirm with . or Enter, or press ? or * to list all spells.
Casting: Dazzling Flash (safe; 1% risk of failure)
Press: ? - help, Dir - look around, f - activate The tengu warrior is dazzled.
The cyan ugly thing trunk-slaps you! The cyan ugly thing shocks you!
* * * LOW HITPOINT WARNING * * *
The cyan ugly thing stings you.
* * * LOW HITPOINT WARNING * * *
The cyan ugly thing shocks you!
You die...

.. #.. ###
#.. #.#..
#.... #....
#########
#....
#.......#
#...#
#.......#
#...# ###
#..@Q!..#
...#.# #<#
#.!uu...#
##.#>+
#.#+#.......#
# #
#...........#
..
#...........#
###
#.........###
#.#.#######
#.#.. #+####


You could see 2 ugly things and a tengu warrior (blind).

Vanquished Creatures
  A hydra (Lair:2)
  5 boulder beetles
  Erolcha (D:12)
  2 centaur warriors
  Erica (D:8)
  2 two-headed ogres (D:10)
  Urug (Lair:3)
  A deep elf pyromancer (D:8)
  4 cyclopes
  A manticore (D:11)
  9 ugly things
  16 elephants
  A gargoyle (D:13)
  4 cane toads
  2 unseen horrors
  A rime drake (Lair:3)
  Psyche (D:8)
  9 komodo dragons
  A yaktaur (D:14)
  4 trolls
  A hornet (D:11)
  Prince Ribbit (D:8)
  A centaur simulacrum (D:14)
  4 wyverns
  3 vampires
  A basilisk (D:8)
  20 yaks
  3 vampire mosquitoes (D:12)
  2 redbacks (Lair:4)
  10 water moccasins
  2 acid dragons
  A swamp drake (D:8)
  3 black bears
  A sky beast (D:6)
  5 orc warriors
  27 wolves
  A necrophage (D:8)
  3 ogres
  10 centaurs
  A wyvern zombie (D:6)
  9 bullfrogs
  3 scorpions
  2 water moccasin zombies (D:5)
  17 killer bees
  3 wights (D:4)
  4 howler monkeys
  6 crimson imps (D:12)
  A centaur zombie (D:8)
  4 hounds
  2 orc priests
  A centaur skeleton (D:4)
  A gnoll shaman (D:8)
  A bullfrog skeleton (D:5)
  Jessica (D:2)
  Terence (D:2)
  Natasha (thrice) (D:2)
  3 iguanas
  3 orc wizards
  A killer bee zombie (D:5)
  2 hound skeletons (D:4)
  A howler monkey zombie (D:11)
  A howler monkey skeleton (D:7)
  3 adders
  9 gnolls
  2 white imps (D:12)
  An adder skeleton (D:4)
  13 dart slugs
  35 orcs
  2 bats
  5 endoplasms
  6 giant cockroaches
  8 goblins
  14 hobgoblins
  6 jackals (D:1)
  2 quokkas
  9 ball pythons
  7 kobolds
  6 rats
365 creatures vanquished.

Vanquished Creatures (others)
  A crimson imp (D:12)
  24 fungi
  30 plants
55 creatures vanquished.

Grand Total: 420 creatures vanquished

Notes
Turn   | Place    | Note
-------+----------+-------------------------------------------
     0 | D:1      | Andrea the Spriggan Enchanter began the quest for the Orb.
     0 | D:1      | Reached XP level 1. HP: 9/9 MP: 5/5
   258 | D:1      | Found a faded altar of an unknown god.
   270 | D:1      | Reached skill level 4 in Hexes
   486 | D:1      | Reached XP level 2. HP: 13/13 MP: 6/6
   489 | D:1      | Learned a level 2 spell: Ensorcelled Hibernation
  1226 | D:2      | Noticed Jessica
  1240 | D:2      | Killed Jessica
  1241 | D:2      | Reached skill level 5 in Hexes
  1241 | D:2      | Reached XP level 3. HP: 13/16 MP: 2/8
  1387 | D:2      | Noticed Terence
  1523 | D:2      | Killed Terence
  1524 | D:2      | Reached XP level 4. HP: 21/21 MP: 6/10
  1626 | D:2      | Noticed Natasha
  1631 | D:2      | Killed Natasha
  1672 | D:2      | Learned a level 3 spell: Confusing Touch
  1791 | D:2      | Reached skill level 6 in Hexes
  1863 | D:2      | Noticed Natasha
  1871 | D:2      | Killed Natasha
  1872 | D:2      | Reached XP level 5. HP: 24/24 MP: 4/12
  2024 | D:2      | Noticed Natasha
  2031 | D:2      | Killed Natasha
  2659 | D:3      | Reached skill level 5 in Stealth
  3359 | D:3      | Reached XP level 6. HP: 28/28 MP: 10/13
  4186 | D:5      | Entered Level 5 of the Dungeon
  4374 | D:5      | Noticed an acid dragon
  4378 | D:5      | Killed an acid dragon
  4379 | D:5      | Reached skill level 5 in Short Blades
  4379 | D:5      | Reached XP level 7. HP: 32/32 MP: 14/14
  5064 | D:5      | Reached XP level 8. HP: 32/36 MP: 5/15
  5543 | D:5      | Reached skill level 1 in Fighting
  7126 | D:6      | Reached skill level 7 in Hexes
  7196 | D:6      | Found a staircase to the Ecumenical Temple.
  7215 | Temple   | Entered the Ecumenical Temple
  7243 | Temple   | Became a worshipper of Dithmenos the Shadowed
  7658 | D:6      | Reached skill level 8 in Hexes
  7727 | D:6      | Learned a level 3 spell: Dazzling Flash
  7861 | D:6      | Reached skill level 9 in Hexes
  7861 | D:6      | Reached XP level 9. HP: 42/42 MP: 13/16
  8828 | D:7      | Reached skill level 5 in Spellcasting
  9075 | D:7      | Found a transporter.
  9078 | D:7      | Noticed Quickbrownfox's ghost (novice DsIE)
  9080 | D:7      | Found a transporter.
  9080 | D:7      | Identified the +7 dire flail of Axyborghi {holy, rCorr
                  | Int-2 Dex+6}
  9080 | D:7      | Identified the +4 giant spiked club of Premature Burial
                  | {vamp, rPois rC+}
  9080 | D:7      | Noticed a two-headed ogre
  9217 | D:7      | Reached skill level 5 in Dodging
  9503 | D:7      | Noticed a troll
  9506 | D:7      | Killed a troll
  9513 | D:7      | Noticed a cyclops
  9517 | D:7      | Killed a cyclops
  9608 | D:8      | Noticed Erica
  9620 | D:8      | Killed Erica
  9620 | D:8      | Reached * piety under Dithmenos
  9621 | D:8      | Reached skill level 5 in Fighting
  9802 | D:8      | Reached XP level 10. HP: 53/53 MP: 13/20
 10133 | D:8      | Found a staircase to the Lair.
 10209 | D:8      | Noticed a deep elf pyromancer
 10218 | D:8      | Killed a deep elf pyromancer
 10489 | D:8      | Reached skill level 10 in Short Blades
 10489 | D:8      | Reached skill level 10 in Stealth
 10545 | D:8      | Noticed Prince Ribbit
 10551 | D:8      | Killed Prince Ribbit
 10833 | D:9      | Found Ynunlisk's Antique Armour Shoppe.
 10982 | D:8      | Noticed Psyche
 11274 | D:8      | Killed Psyche
 11366 | D:9      | Reached ** piety under Dithmenos
 12255 | D:9      | Reached XP level 11. HP: 56/56 MP: 21/21
 12527 | D:10     | Entered Level 10 of the Dungeon
 12566 | D:10     | Learned a level 2 spell: Blink
 12583 | D:10     | Noticed a two-headed ogre
 12590 | D:10     | Killed a two-headed ogre
 12591 | D:10     | Reached skill level 10 in Hexes
 12596 | D:10     | Identified the +1 robe of Defiance {Int+4}
 12611 | D:10     | Noticed a centaur warrior
 12635 | D:10     | Killed a centaur warrior
 12985 | D:10     | Noticed Fannar
 13115 | D:11     | Noticed a boulder beetle
 13115 | D:11     | Noticed a boulder beetle
 13118 | D:11     | Killed a boulder beetle
 13457 | D:10     | Found a hide-covered altar of Uskayaw.
 13843 | Lair:1   | Entered Level 1 of the Lair of Beasts
 13894 | Lair:1   | Reached skill level 11 in Hexes
 14008 | Lair:2   | Noticed a seven-headed hydra
 14149 | Lair:1   | Found a transporter.
 14363 | Lair:2   | Reached *** piety under Dithmenos
 14536 | Lair:2   | Noticed a death yak
 14537 | Lair:2   | Noticed a death yak
 14540 | Lair:2   | Noticed a death yak
 14587 | Lair:2   | Reached skill level 12 in Hexes
 14828 | Lair:3   | Noticed Urug
 14836 | Lair:3   | Killed Urug
 15179 | Lair:4   | Reached XP level 12. HP: 60/61 MP: 18/26
 15334 | Lair:4   | Found a hole to the Spider Nest.
 16137 | Lair:3   | Reached **** piety under Dithmenos
 16550 | Lair:1   | Found a transporter.
 16813 | Lair:2   | Killed a seven-headed hydra
 17840 | Lair:3   | Noticed a death yak
 17841 | Lair:3   | Noticed a death yak
 17841 | Lair:3   | Noticed a death yak
 17841 | Lair:3   | Noticed a death yak
 17940 | Lair:4   | Noticed a boulder beetle
 17962 | Lair:4   | Killed a boulder beetle
 18842 | D:11     | Noticed a two-headed ogre
 18843 | D:11     | Reached skill level 13 in Hexes
 19167 | D:10     | Killed a two-headed ogre
 19595 | D:11     | Killed a boulder beetle
 19596 | D:11     | Reached skill level 10 in Spellcasting
 19596 | D:11     | Reached XP level 13. HP: 65/65 MP: 20/28
 20062 | D:12     | Reached skill level 1 in Invocations
 20109 | D:12     | Found a runed translucent gate.
 20109 | D:12     | Found a runed translucent gate.
 20109 | D:12     | Found a runed translucent gate.
 20109 | D:12     | Noticed a quicksilver ooze
 20109 | D:12     | Noticed an acid blob
 20109 | D:12     | Noticed an azure jelly
 20109 | D:12     | Noticed an acid blob
 20109 | D:12     | Noticed a rockslime
 20109 | D:12     | Noticed an azure jelly
 20110 | D:12     | Found a viscous altar of Jiyva.
 20110 | D:12     | Noticed an acid blob
 20110 | D:12     | Noticed Cykl0x's ghost (journeyman GrEE)
 20110 | D:12     | Noticed an acid blob
 20110 | D:12     | Noticed an acid blob
 20111 | D:12     | Noticed an acid blob
 20476 | D:12     | You fall into a shaft and drop 1 floor!
 20660 | D:12     | Noticed Erolcha
 20688 | D:12     | Reached skill level 14 in Hexes
 20697 | D:12     | Killed Erolcha
 20902 | D:12     | Reached ***** piety under Dithmenos
 22471 | D:14     | Reached skill level 15 in Hexes
 22680 | D:14     | HP: 2/65 [cyan ugly thing (3)]
 22680 | D:14     | Demolished by a cyan ugly thing

Illustrated notes

Levels and vault maps discovered:
D:1:      lemuel_arrival_funnel, layout_basic, basic_ecumenical_altar
D:2:      layout_basic, uniq_natasha, uniq_jessica, uniq_terence
D:3:      kennysheep_slugbush, layout_rooms, corexii_item_surrounded_by_moat
D:4:      layout_layer_cave
D:5:      corexii_shack_village, layout_rooms, chequers_serial_rivers_small_a,
          minmay_strange_pillars, grunt_decor_mini_mirrors
D:6:      layout_basic, minmay_temple_entry_waves,
          corexii_item_surrounded_by_moat, kennysheep_cross_room,
          kennysheep_diamond, bh_walls_and_bars
D:7:      minmay_cornered_nines, layout_cave_pools, gammafunk_ghost_smash
D:8:      layout_rooms, erik_lair_dragon, uniq_prince_ribbit1, uniq_psyche,
          uniq_erica
D:9:      layout_cave_pods, enter_bailey_3, serial_shops, nicolae_stop_n_shop_2,
          nzn_life_drinkers
D:10:     layout_loops_corners, amcnicky_altar_gilded, david_orc_5, hive_lemuel,
          uniq_fannar
D:11:     layout_rooms
D:12:     layout_loops_ring, gammafunk_ghost_ooze, grunt_ministairs_11,
          minmay_nine_imps, uniq_erolcha
D:13:     layout_grid_maze
D:14:     layout_basic, grunt_vaults_entry_fortified, kennysheep_donut
Temple:   mainiacjoe_temple_hex_bubbles
Lair:1:   gammafunk_worm_tunnel, layout_big_grid, lemuel_old_faithful
Lair:2:   layout_small_grid
Lair:3:   layout_regular_city, grunt_forest_large_clearings, uniq_urug,
          uniq_rupert
Lair:4:   layout_gridlike, elwin_shoals_entry_rooms, spider_nest_entry_webs,
          minivault_27, worms_lemuel, infiniplex_staircase_pool_2

Skill      XL: |  1  2  3  4  5  6  7  8  9 10 11 12 13 |
---------------+----------------------------------------+-----
Hexes          | 4 5 6 9 12 13 15 | 15.2
Spellcasting   | 3 4 6 9 10 11 | 11.2
Short Blades   | 3 5 7 8 11 14 | 14.0
Stealth        | 5 6 8 11 14 | 14.0
Dodging        | 3 6 |  6.0
Fighting       | 1 6 |  6.0
Translocations | 4 |  4.0
Invocations    | 4 |  4.0
Ice Magic      | |  0.1

Action                   |  1- 3 |  4- 6 |  7- 9 | 10-12 | 13-15 || total
-------------------------+-------+-------+-------+-------+-------++-------
Melee: Dagger            |    59 |   142 |   182 |   351 |   156 ||   890
       Punch             |       |     2 |     3 |     2 |     2 ||     9
 Cast: Ensorcelled Hiber |    13 |    57 |    72 |   306 |    28 ||   476
       Confusing Touch   |       |     1 |     8 |     4 |     6 ||    19
       Dazzling Flash    |       |       |       |     5 |     8 ||    13
Invok: Shadow Step       |       |       |       |       |     2 ||     2
Evoke: Wand              |       |       |       |     2 |       ||     2
  Use: Scroll            |     2 |     5 |       |    14 |       ||    21
 Stab: Sleeping          |    16 |    42 |    51 |   143 |    30 ||   282
       Confused          |       |     1 |     8 |     3 |     6 ||    18
       Paralysed         |       |       |       |     1 |       ||     1
       Invisible         |       |       |       |     1 |    13 ||    14
       Distracted        |       |       |       |     1 |     2 ||     3
Armor: Robe              |     4 |    15 |     5 |    28 |     5 ||    57
Dodge: Dodged            |    45 |    94 |    87 |   317 |    74 ||   617
Block: Other             |       |     1 |    40 |    73 |    11 ||   125
       Reflection        |       |       |     4 |     2 |     1 ||     7
